General information
- name: BNet
- type: Ladder team game (AT/RT)
- host: Battle.net
- saver: Imbecile
map: Deadlock
- players: 8
- length: 05:46
- speed: Fast
- version: 1.27 W3XP
- replay type: Public
» download(28 KB)
Players
team 1 (loser)

»
memberberrys (
purple | 19 APM | 109 actions | 05:44)
1 Blood Mage
1 Flame Strike
» actions
| Build / train | 13 | |
| Enter build submenu | 7 | |
| Enter hero's abilities submenu | 1 | |
| Right click | 35 | |
| Select / deselect | 44 | |
| Use ability | 9 | |
109 total
» units
» upgrades
» buildings
| Altar of Kings | 1 | |
| Farm | 2 | |
| Blacksmith | 1 | |
| Barracks | 1 | |
| Lumber Mill | 1 | |
| Scout Tower | 1 | |
7 total
» build order
00:07 Altar of Kings
00:18 Farm
00:54 Blacksmith
01:45 Barracks
01:48 Farm
03:05 Lumber Mill
03:07 Scout Tower
I-Hustle (
blue | 30 APM | 157 actions | 05:09)
1 Archmage
1 Blizzard
» actions
| Build / train | 17 | |
| Enter build submenu | 16 | |
| Enter hero's abilities submenu | 2 | |
| Remove unit from queue | 1 | |
| Right click | 42 | |
| Select / deselect | 56 | |
| Use ability | 23 | |
157 total
» units
» upgrades
» buildings
| Farm | 7 | |
| Barracks | 3 | |
| Altar of Kings | 1 | |
| Blacksmith | 1 | |
| Lumber Mill | 1 | |
| Keep | 1 | |
| Scout Tower | 1 | |
15 total
» build order
00:50 Farm
01:05 Barracks
01:34 Farm
01:49 Altar of Kings
02:23 Blacksmith
02:27 Lumber Mill
02:39 Farm
03:38 Keep
03:46 Farm
03:58 Farm
04:32 Scout Tower
04:44 Barracks
04:47 Farm
04:52 Farm
04:55 Barracks
BruceLeroy (
yellow | 33 APM | 159 actions | 04:50)
1 Far Seer
1 Feral Spirit
» actions
| Assign group hotkey | 1 | |
| Basic commands | 6 | |
| Build / train | 12 | |
| Enter build submenu | 7 | |
| Enter hero's abilities submenu | 1 | |
| Right click | 55 | |
| Select / deselect | 45 | |
| Select group hotkey | 23 | |
| Use ability | 9 | |
159 total
» units
» buildings
| Orc Burrow | 2 | |
| Altar of Storms | 1 | |
| Barracks | 1 | |
| Voodoo Lounge | 1 | |
| War Mill | 1 | |
| Altar of Kings | 1 | |
7 total
» build order
00:23 Orc Burrow
00:29 Altar of Storms
00:42 Barracks
01:59 Orc Burrow
03:00 Voodoo Lounge
03:30 War Mill
04:29 Altar of Kings
roflcopter. (
pink | 37 APM | 150 actions | 04:06)
» actions
| Assign group hotkey | 2 | |
| Build / train | 19 | |
| Enter build submenu | 6 | |
| Remove unit from queue | 8 | |
| Right click | 48 | |
| Select / deselect | 45 | |
| Select group hotkey | 5 | |
| Use ability | 17 | |
150 total
» units
» buildings
| Lumber Mill | 1 | |
| Scout Tower | 11 | |
| Arcane Tower | 2 | |
| Guard Tower | 4 | |
18 total
» build order
00:13 Lumber Mill
01:10 Scout Tower
01:12 Scout Tower
01:32 Scout Tower
01:33 Scout Tower
01:35 Scout Tower
01:36 Scout Tower
01:44 Arcane Tower
01:50 Guard Tower
02:22 Guard Tower
02:23 Guard Tower
02:26 Scout Tower
02:27 Scout Tower
02:34 Scout Tower
02:51 Guard Tower
02:51 Guard Tower
03:18 Guard Tower
03:19 Guard Tower
03:27 Guard Tower
03:27 Guard Tower
03:40 Scout Tower
03:41 Scout Tower
team 2 (winner)
Imbecile (
red | 40 APM | 233 actions | 05:46)
» actions
| Basic commands | 9 | |
| Build / train | 26 | |
| Enter build submenu | 10 | |
| Right click | 102 | |
| Select / deselect | 72 | |
| Use ability | 14 | |
233 total
» units
» upgrades
» buildings
| Scout Tower | 7 | |
| Lumber Mill | 1 | |
| Arcane Tower | 1 | |
| Farm | 2 | |
| Guard Tower | 4 | |
15 total
» build order
00:20 Scout Tower
00:24 Lumber Mill
00:35 Scout Tower
00:38 Scout Tower
00:41 Scout Tower
00:43 Scout Tower
00:49 Arcane Tower
01:11 Farm
01:44 Guard Tower
01:59 Farm
02:06 Guard Tower
02:20 Guard Tower
02:24 Scout Tower
02:28 Scout Tower
04:39 Guard Tower

»
Dabu (
orange | 42 APM | 241 actions | 05:45)
1 Blademaster
1 Wind Walk
» actions
| Assign group hotkey | 19 | |
| Basic commands | 3 | |
| Build / train | 16 | |
| ESC pressed | 1 | |
| Enter build submenu | 9 | |
| Enter hero's abilities submenu | 1 | |
| Right click | 65 | |
| Select / deselect | 54 | |
| Select group hotkey | 60 | |
| Use ability | 13 | |
241 total
» units
| Peon | 10 | |
| Troll Headhunter/Berserker | 3 | |
13 total
» buildings
| Orc Burrow | 4 | |
| Altar of Storms | 1 | |
| Barracks | 2 | |
| War Mill | 1 | |
| Stronghold | 1 | |
9 total
» build order
01:03 Orc Burrow
01:23 Altar of Storms
02:01 Barracks
02:34 Barracks
03:02 Orc Burrow
03:10 War Mill
03:25 Orc Burrow
03:48 Stronghold
03:55 Orc Burrow

»
BoyKrogan (
green | 36 APM | 208 actions | 05:45)
2 Mountain King
1 Storm Bolt
1 Bash
» actions
| Assign group hotkey | 7 | |
| Build / train | 22 | |
| Enter build submenu | 13 | |
| Enter hero's abilities submenu | 2 | |
| Right click | 84 | |
| Select / deselect | 46 | |
| Select group hotkey | 18 | |
| Use ability | 16 | |
208 total
» units
» buildings
| Altar of Kings | 1 | |
| Barracks | 1 | |
| Farm | 5 | |
| Scout Tower | 1 | |
| Arcane Vault | 1 | |
| Arcane Tower | 1 | |
| Lumber Mill | 1 | |
| Blacksmith | 1 | |
| Keep | 1 | |
13 total
» build order
00:08 Altar of Kings
00:11 Barracks
00:26 Farm
01:07 Farm
01:50 Farm
01:59 Farm
02:11 Scout Tower
02:42 Arcane Vault
02:43 Arcane Tower
03:41 Farm
03:47 Lumber Mill
03:55 Blacksmith
05:04 Keep
disconnected (
teal | 51 APM | 296 actions | 05:45)
1 Mountain King
1 Storm Bolt
» actions
| Assign group hotkey | 13 | |
| Basic commands | 6 | |
| Build / train | 16 | |
| Enter build submenu | 10 | |
| Enter hero's abilities submenu | 1 | |
| Right click | 96 | |
| Select / deselect | 40 | |
| Select group hotkey | 103 | |
| Use ability | 11 | |
296 total
» units
» buildings
| Altar of Kings | 3 | |
| Farm | 4 | |
| Barracks | 2 | |
9 total
» build order
01:19 Altar of Kings
01:25 Altar of Kings
01:28 Altar of Kings
01:33 Farm
01:47 Barracks
02:00 Farm
03:04 Barracks
05:37 Farm
05:39 Farm
Chat log
(00:15 / All) memberberrys: that bitch texas sent me to the void
(00:17 / Allies) BoyKrogan: god damn i was searching forever
(00:39 / All) roflcopter.: he love the texans
(00:48 / All) roflcopter.: lmao
(00:50 / Allies) Dabu: wait
(00:55 / Allies) Dabu: im here
(00:58 / Allies) BoyKrogan: ok :p
(02:07 / Allies) Dabu: im going headhunters to start
(02:13 / Allies) Dabu: i got raped last game when i went tauren
(02:30 / All) memberberrys: dude texas so lame
(02:37 / All) Dabu: he demoted me to peon
(02:38 / All) roflcopter.: ik
(02:39 / All) Dabu: in my clan
(02:46 / All) Dabu: now my solo wins wont even count towards clan total
(02:48 / All) roflcopter.: bad attitued
(02:49 / All) memberberrys: he is so lame
(02:55 / All) memberberrys: i remember good clans
(03:26 / Allies) BoyKrogan: im on my way
(03:32 / All) memberberrys: was spacing out
(04:02 / All) roflcopter.: oobs
(04:19 / Allies) BoyKrogan: lol double hammer teal :p
(04:49 / All) Imbecile: DONT TREAT ONE ME
(04:52 / All) Imbecile: DONT TREAT ONE ME
(04:55 / All) Imbecile: IM LIBTARAN
(05:03 / All) I-Hustle: i hate fuckin gnoob niggers man
(05:11 / Allies) BoyKrogan: good job on d red
(05:20 / All) memberberrys: gg guys sorry
(05:22 / All) Dabu: gg
(05:24 / All) Dabu: search again
(05:27 / All) Dabu: come back to clan s4s
(05:29 / All) memberberrys: will do
(05:30 / All) Dabu: lol
(05:33 / All) memberberrys: he kicked me
(05:40 / All) memberberrys: that guy is a douch